 Dungeon Crawl Stone Soup version 0.18-a0-1186-gd02dc51 (webtiles) character file.

6086 kae the Transmogrifier (level 10, -4/71 HPs)
             Began as a Red Draconian Transmuter on Jan 28, 2016.
             Was an Elder of Makhleb.
             Slain by a killer bee (7 damage)
             ... on level 8 of the Dungeon.
             The game lasted 00:18:28 (12513 turns).

kae the Transmogrifier (Red Draconian Transmuter)  Turns: 12513, Time: 00:18:28

Health: -4/71      AC:  9    Str: 12    XL:     10   Next: 58%
Magic:  8/13       EV: 12    Int: 14    God:    Makhleb [****..]
Gold:   562        SH:  0    Dex: 15    Spells: 4 memorised, 2 levels left

rFire  + . .     SeeInvis .       - Unarmed
rCold  + . .     Gourm    .     (armour unavailable)
rNeg   + + .     Faith    .     (shield currently unavailable)
rPois  .         Spirit   .     (helmet restricted)
rElec  .         Dismiss  .     m - +0 cloak
rCorr  .         Reflect  .     (gloves currently unavailable)
SustAt .         Harm     .     C - +0 pair of boots of Gluttony {rN+}
MR     .....                    s - amulet of rage
Stlth  +.........               h - ring of protection from cold
                                e - ring of positive energy

@: lethally poisoned (-4 -> -8), blade hands, very slightly contaminated,
invisible, not resistant to hostile enchantments, very unstealthy
A: breathe fire, unfitting armour, fire resistance 1, cold-blooded, AC +7
a: Breathe Fire, End Transformation, Minor Destruction, Lesser Servant of
Makhleb, Major Destruction, Renounce Religion, Evoke Berserk Rage


You were on level 8 of the Dungeon.
You worshipped Makhleb.
Makhleb was greatly pleased with you.
You were hungry.
You had blades for hands.
You visited 2 branches of the dungeon, and saw 10 of its levels.

You collected 597 gold pieces.
You spent 35 gold pieces at shops.

Inventory:

Missiles
 a - 63 arrows
Armour
 m - a +0 cloak (worn)
 q - a +0 pair of gloves (melded)
 x - a +0 cloak of poison resistance
 C - the +0 pair of boots of Gluttony (worn) {rN+}
   (You found it on level 8 of the Dungeon)

   It protects you from negative energy.
Jewellery
 e - a ring of positive energy (left scythe-like blade)
 h - a ring of protection from cold (right scythe-like blade)
 s - an amulet of rage (around neck)
 E - an uncursed ring of positive energy
Wands
 t - a wand of slowing (14/48)
Scrolls
 k - a scroll of recharging
 o - 4 scrolls of remove curse
 u - 5 scrolls of identify
 v - a scroll of amnesia
 H - a scroll of fog {unknown}
Potions
 d - a potion of heal wounds {unknown}
 g - 4 potions of curing
 i - a potion of invisibility
 l - 2 potions of ambrosia {unknown}
 n - 2 potions of mutation
 p - a potion of resistance
 r - a potion of cancellation {unknown}
 w - 2 potions of brilliance {unknown}
 F - a potion of haste {unknown}
 G - 2 potions of might {unknown}
Books
 b - a book of Changes

   Spells                             Type                      Level
   a - Beastly Appendage              Transmutation                1
   b - Sticks to Snakes               Transmutation                2
   c - Spider Form                    Transmutation/Poison         3
   d - Ice Form                       Ice/Transmutation            4
   e - Blade Hands                    Transmutation                5
 y - a book of the Earth

   Spells                             Type                      Level
   a - Leda's Liquefaction            Hexes/Earth                  4
   b - Bolt of Magma                  Conjuration/Fire/Earth       5
   c - Statue Form                    Transmutation/Earth          6
   d - Iron Shot                      Conjuration/Earth            6
   e - Shatter                        Earth                        9
 D - a book of Clouds

   Spells                             Type                      Level
   a - Mephitic Cloud                 Conjuration/Poison/Air       3
   b - Conjure Flame                  Conjuration/Fire             3
   c - Poisonous Cloud                Conjuration/Poison/Air       6
   d - Freezing Cloud                 Conjuration/Ice/Air          6
   e - Ring of Flames                 Charms/Fire                  7
Comestibles
 c - 9 bread rations
 f - 5 fruits
 j - 4 meat rations
 A - a slice of pizza
 B - a beef jerky


   Skills:
 - Level 1.1 Fighting
 - Level 1.7 Dodging
 - Level 10.3 Unarmed Combat
 - Level 2.0 Spellcasting
 - Level 12.0 Transmutations
 + Level 3.9 Invocations


You had 2 spell levels left.
You knew the following spells:

 Your Spells              Type           Power        Failure   Level  Hunger
a - Beastly Appendage     Trmt           #####.       10%         1    ##.....
b - Sticks to Snakes      Trmt           #####...     10%         2    ###....
c - Spider Form           Trmt/Pois      ###.......   41%         3    ####...
d - Blade Hands           Trmt           #####.....   36%         5    ######.


Dungeon Overview and Level Annotations

Branches:
Dungeon (9/15)             Temple (1/1) D:5
   Lair: D:8-11         Orc: D:9-12

Altars:
Ashenzari
Cheibriados
Dithmenos
Elyvilon
Fedhas
Gozag
Kikubaaqudgha
Makhleb
Nemelex Xobeh
Okawaru
Pakellas
Qazlal
Ru
Sif Muna
Trog
Vehumet
Xom
Yredelemnul
Zin
The Shining One

Shops:
D:5 !*

Annotations:
D:2 Sigmund


Innate Abilities, Weirdness & Mutations

You can breathe blasts of fire.
Your fiery red scales are hard (AC +7).
Your body does not fit into most forms of armour.
Your flesh is heat resistant.
You are cold-blooded and may be slowed by cold attacks.


Message History

The killer bee closely misses you. The killer bee stings you.
* * * LOW HITPOINT WARNING * * *
You are lethally poisoned!
The killer bee poisons you!
The killer bee stings you but does no damage.
The killer bee barely misses you. x2
You climb upwards.
* * * LOW HITPOINT WARNING * * *
You feel sick.
All of the chunks of flesh in your inventory have rotted away.
There is a stone staircase leading down here.
Unknown command.
Casting: Spider Form
Confirm with . or Enter, or press ? or * to list all spells.
Your hands turn into razor-sharp scythe blades.
Your +0 pair of gloves melds into your body.
* * * LOW HITPOINT WARNING * * *
You feel sick. The killer bee closely misses you. The killer bee stings you!
You die...

....+...........'.>..#
#.
....######......######
#† ..........####.## #.
.########.# #.# #. .#
#.# #.# #. .# #.# #.#
#. .# ######.####.# #.
.###...........### #.
...+..........yy@# #.
.###.......#...#+######
#. .#
#.<.....#..........# #.
.###########..........#
#.
..###........#........#
#<
..##....######........#
## ..##....# #........#
..##....# ##########
..##....#


You could see 2 killer bees.

Vanquished Creatures
  The ghost of Avack the Destroyer, a novice VSCj of Vehumet (D:7)
  Grinder (D:6)
  A spriggan (D:8)
  2 hungry ghosts
  Edmund (D:4)
  Duvessa (D:6)
  2 orc warriors
  2 sky beasts
  2 phantoms
  8 ice beasts
  A black bear (D:8)
  A wasp (D:7)
  2 centaurs
  4 ogres
  2 big kobolds
  6 giant frogs
  A wyvern zombie (D:8)
  Dowan (D:6)
  3 scorpions
  7 killer bees
  4 wights (D:9)
  An electric eel (D:9)
  4 crimson imps
  2 giant frog zombies
  7 jellies
  8 orc priests
  6 orc wizards
  2 quasits
  2 giant frog skeletons
  4 hounds
  Crazy Yiuf (D:6)
  2 iguanas
  4 worker ants
  A hound skeleton (D:9)
  The ghost of kae the Gusty, a weakling DEAE (D:3)
  12 gnolls
  12 adders
  An ooze (D:1)
  An adder skeleton (D:7)
  4 worms
  4 giant geckos
  36 orcs
  7 bats
  7 giant cockroaches
  9 goblins
  9 hobgoblins
  13 jackals
  5 quokkas
  3 ball pythons
  A giant gecko skeleton (D:8)
  4 giant newts
  17 kobolds
  8 rats
251 creatures vanquished.

Vanquished Creatures (collateral kills)
  A troll (D:9)
1 creature vanquished.

Vanquished Creatures (others)
  A kobold (D:9)
1 creature vanquished.

Grand Total: 253 creatures vanquished

Notes
Turn   | Place    | Note
--------------------------------------------------------------
     0 | D:1      | kae the Draconian Transmuter began the quest for the Orb.
     0 | D:1      | Reached XP level 1. HP: 16/16 MP: 3/3
   627 | D:1      | Reached XP level 2. HP: 11/23 MP: 5/5
  1133 | D:1      | Reached skill level 4 in Unarmed Combat
  1572 | D:2      | Reached XP level 3. HP: 20/28 MP: 6/6
  1831 | D:2      | Reached XP level 4. HP: 35/35 MP: 7/7
  1873 | D:2      | Reached skill level 5 in Unarmed Combat
  2014 | D:2      | Noticed Sigmund
  2153 | D:3      | Noticed an ice beast
  2153 | D:3      | Noticed kae's ghost (weakling DEAE)
  2266 | D:3      | Killed kae's ghost
  2279 | D:3      | Reached XP level 5. HP: 4/40 MP: 8/8
  2502 | D:3      | Killed an ice beast
  2502 | D:3      | Reached skill level 6 in Unarmed Combat
  2541 | D:3      | HP: 2/40 [gnoll/flail (11)]
  2902 | D:3      | Reached XP level 6. HP: 15/47 MP: 7/9
  3164 | D:3      | Found an ancient bone altar of Kikubaaqudgha.
  3283 | D:3      | Reached skill level 7 in Unarmed Combat
  4112 | D:4      | Reached skill level 8 in Unarmed Combat
  4112 | D:4      | Reached XP level 7. HP: 16/52 MP: 8/10
  4112 | D:4      | Your scales start taking on a fiery red colour.
  4112 | D:4      | Gained mutation: Your flesh is heat resistant. [Red Draconian growth]
  4498 | D:4      | Noticed Edmund
  4706 | D:4      | Found an opulent altar of Gozag.
  4706 | D:4      | Found a sparkling altar of Nemelex Xobeh.
  5104 | D:4      | Killed Edmund
  5215 | D:5      | Entered Level 5 of the Dungeon
  5229 | D:5      | Found an opulent altar of Gozag.
  5304 | D:5      | Reached skill level 9 in Unarmed Combat
  5431 | D:5      | Found a staircase to the Ecumenical Temple.
  5505 | Temple   | Entered the Ecumenical Temple
  5583 | Temple   | Became a worshipper of Makhleb the Destroyer
  5872 | D:5      | Found Duuj's General Store.
  5931 | D:5      | Reached XP level 8. HP: 30/59 MP: 11/11
  6096 | D:5      | Reached skill level 10 in Unarmed Combat
  6195 | D:5      | Found Huyc's Distillery.
  6199 | D:5      | Bought a potion of mutation for 35 gold pieces
  6764 | D:6      | Reached * piety under Makhleb
  6913 | D:6      | Learned a level 2 spell: Sticks to Snakes
  6917 | D:6      | Learned a level 3 spell: Spider Form
  6941 | D:6      | Found a deep blue altar of Sif Muna.
  6942 | D:6      | Found a shattered altar of Ashenzari.
  7108 | D:6      | Noticed Grinder
  7112 | D:6      | Paralysed by Grinder for 7 turns
  7118 | D:6      | Noticed Duvessa
  7134 | D:6      | Reached skill level 5 in Transmutations
  7140 | D:6      | Killed Duvessa
  7145 | D:6      | Paralysed by Grinder for 3 turns
  7152 | D:6      | Killed Grinder
  7152 | D:6      | Reached XP level 9. HP: 23/64 MP: 12/12
  7156 | D:6      | Noticed Dowan
  7516 | D:6      | Killed Dowan
  7955 | D:6      | Noticed Crazy Yiuf
  7960 | D:6      | Killed Crazy Yiuf
  8387 | D:7      | Reached ** piety under Makhleb
  8417 | D:7      | Noticed Avack's ghost (novice VSCj)
  8435 | D:7      | Killed Avack's ghost
  8497 | D:7      | Paralysed by fainting for 8 turns
  9181 | D:7      | Reached skill level 10 in Transmutations
  9651 | D:7      | Reached *** piety under Makhleb
 10127 | D:8      | Learned a level 5 spell: Blade Hands
 10286 | D:8      | Reached XP level 10. HP: 55/71 MP: 13/13
 10326 | D:8      | Found an oddly glowing altar of Pakellas.
 10546 | D:8      | Reached skill level 11 in Transmutations
 10645 | D:8      | Got a pair of ichor-stained boots
 10655 | D:8      | Identified the cursed +0 pair of boots of Gluttony {rN+} (You found it on level 8 of the Dungeon)
 11082 | D:9      | Reached **** piety under Makhleb
 11503 | D:9      | Reached skill level 12 in Transmutations
 11538 | D:9      | Noticed a moth of wrath
 11541 | D:9      | Found a bloodstained altar of Trog.
 11909 | D:9      | Reached skill level 1 in Invocations
 12253 | D:9      | Found a stormy altar of Qazlal.
 12512 | D:8      | HP: 3/71 [poisoned by a killer bee]
 12513 | D:8      | Slain by a killer bee

Vault maps used:
D:1:      shiori_arrival_elements
D:2:      st_stairs_4, uniq_sigmund
D:3:      old_standard_altar
D:4:      grunt_temple_overflow_opulence, uniq_edmund
D:5:      temple_doors_e, first_bread, basic_altar, serial_shops, shop,
          nicolae_shop_waterfront
D:6:      grunt_temple_overflow_open, grunt_decor_cap, uniq_crazy_yiuf_cottage,
          uniq_duvessa, uniq_grinder
D:8:      johnstein_pakellas_death_squad, the_bakery
D:9:      minmay_twisted_water, nicolae_qazlal_eye_of_the_storm, tgw_trog,
          kennysheep_generic_room_7
Temple:   zaba_magenta_temple_12

Action                   |  1- 3 |  4- 6 |  7- 9 | 10-12 || total
-------------------------+-------+-------+-------+-------++-------
Melee: Unarmed           |   110 |   203 |   482 |   250 ||  1045
 Cast: Beastly Appendage |     4 |     6 |    13 |     9 ||    32
       Spider Form       |       |       |       |     1 ||     1
       Blade Hands       |       |       |       |     1 ||     1
Invok: Lesser Servant of |       |       |       |     2 ||     2
 Abil: Breathe Fire      |       |       |    22 |     3 ||    25
Evoke: Wand              |       |       |       |     4 ||     4
  Use: Scroll            |     2 |     5 |     8 |     4 ||    19
       Potion            |       |     1 |       |     2 ||     3
 Stab: Sleeping          |     1 |     1 |     2 |       ||     4
  Eat: Chunk             |     3 |     6 |    25 |     9 ||    43
       Fruit             |       |     1 |     2 |       ||     3
       Bread ration      |       |       |     1 |       ||     1
       Beef jerky        |       |       |     1 |       ||     1
